 Dungeon Crawl Stone Soup version 0.30-a0-23-ge60ba3568b (webtiles) character file.

Game seed: 8888358605991947779

109 SolCadguy the Ruffian (level 4, -11/38 HPs)
             Began as a Naga Transmuter on Aug 26, 2022.
             Mangled by Crazy Yiuf
             ... wielding a +3 quarterstaff of chaos
              (19 damage)
             ... on level 3 of the Dungeon.
             The game lasted 00:09:08 (3934 turns).

SolCadguy the Ruffian (Naga Transmuter)             Turns: 3934, Time: 00:09:09

Health: -11/38     AC:  2    Str: 12    XL:     4   Next: 90%
Magic:  4/7        EV:  9    Int: 16    God:
Gold:   184        SH:  0    Dex: 11    Spells: 1/7 levels left

rFire   . . .      SeeInvis +      - Unarmed
rCold   . . .      Faith    .    (no shield)
rNeg    . . .      Spirit   .    a - +0 robe
rPois   +          Reflect  .    (helmet currently unavailable)
rElec   .          Harm     .    (no cloak)
rCorr   .          Rampage  .    (no gloves)
Will    .....                    (no barding)
Stlth   +.........               (no amulet)
HPRegen 0.12/turn                (no ring)
MPRegen 0.10/turn                (no ring)

@: short of breath, appendages, wereblooded, very slow
A: horns 2, AC +1, large, see invisible, deformed body, poison resistance,
slowness 2, spit poison 1, naga tail 1
a: Spit Poison, End Transformation


You were on level 3 of the Dungeon.
You had temporarily grown beastly horns.
You visited 1 branch of the dungeon, and saw 3 of its levels.

You collected 184 gold pieces.

Inventory:

Hand Weapons
 c - a +0 dagger
 j - a +0 sling
Missiles
 h - a throwing net
 k - 18 stones
Armour
 a - a +0 robe (worn)
Magical Staves
 r - a staff of conjuration
Jewellery
 s - a ring of wizardry
Wands
 b - a wand of digging (4)
Scrolls
 d - a scroll of fog
 e - a scroll of identify
 g - a scroll of enchant weapon {unknown}
 i - 3 scrolls of magic mapping {unknown}
 l - 3 scrolls of teleportation {unknown}
 n - a scroll of fear {unknown}
 p - 2 scrolls of blinking {unknown}
Potions
 f - a potion of magic
 m - a potion of brilliance {unknown}
 o - 2 potions of resistance {unknown}
 q - a potion of invisibility {unknown}
 t - a potion of curing {unknown}


   Skills:
 - Level 1.0 Fighting
 - Level 1.5 Dodging
 + Level 4.3 Unarmed Combat
 - Level 2.0 Spellcasting
 - Level 3.7 Transmutations
 + Level 0.0 Poison Magic


You had one spell level left.
You knew the following spells:

 Your Spells              Type           Power      Damage    Failure   Level
a - Beastly Appendage     Tmut           26%        N/A       4%          1
b - Wereblood             Tmut           13%        N/A       7%          2
c - Spider Form           Tmut/Pois      7%         N/A       28%         3

Your spell library contained the following spells:

 Spells                   Type           Power      Damage    Failure   Level
 Ensorcelled Hibernation  Hex/Ice        2%         N/A       30%         2
 Ice Form                 Ice/Tmut       7%         N/A       67%         4
 Anguish                  Hex/Necr       0%         N/A       90%         4


Dungeon Overview and Level Annotations

Branches:
Dungeon (3/15)

Altars:

Annotations:
D:3 Crazy Yiuf


Innate Abilities, Weirdness & Mutations

You have temporarily grown beastly horns.
Your serpentine skin is tough. (AC +1)
You have supernaturally acute eyesight. (SInv)
Armour fits poorly on your strangely shaped body.
Your system is resistant to poisons. (rPois)
You cover ground very slowly.
You can spit poison.
You have a snake-like lower body.


Message History

Item here: a hammer.
The floor.
Casting: Beastly Appendage (safe; 4% risk of failure)
Confirm with . or Enter, or press ? or * to list all spells.
You grow a pair of large bovine horns.
Crazy Yiuf shouts!
Casting: Beastly Appendage (safe; 4% risk of failure)
Confirm with . or Enter, or press ? or * to list all spells.
Your blood is infused with primal strength.
You open the door.
Aiming: Spit Poison (1% risk of failure)
Press: ? - help, Shift-Dir - straight line, f - Crazy Yiuf
Aim: Crazy Yiuf, wielding a +3 quarterstaff of chaos and wearing a +0 cloak (65% to hit)
The splash of poison hits Crazy Yiuf!
Crazy Yiuf is poisoned.
Crazy Yiuf is heavily wounded.
Crazy Yiuf yells, "Fire light illywillydillykilly!"
Crazy Yiuf hits you with a +3 quarterstaff of chaos!
You hit Crazy Yiuf but do no damage.
Crazy Yiuf is severely wounded.
Crazy Yiuf hits you with a +3 quarterstaff of chaos!
Crazy Yiuf freezes you.
You closely miss Crazy Yiuf.
Crazy Yiuf is severely wounded.
Crazy Yiuf cries, "Rifle sing return to song!"
Crazy Yiuf hits you with a +3 quarterstaff of chaos!
* * * LOW HITPOINT WARNING * * *
Crazy Yiuf freezes you.
* * * LOW HITPOINT WARNING * * *
Okay, then.
Okay, then.
Okay, then.
You closely miss Crazy Yiuf. Your headbutt misses Crazy Yiuf.
Crazy Yiuf is severely wounded.
Crazy Yiuf barely misses you.
You hit Crazy Yiuf but do no damage.
Crazy Yiuf is severely wounded.
Crazy Yiuf cries, "Aardvark!"
Crazy Yiuf hits you with a +3 quarterstaff of chaos!!
Ouch! That really hurt!
You die...

...............######
.#####...#######
###### .# #.#.#.#
#....# .# #.#...#
##### ####.# .#
#.##### #..)#
#.####### .# #.#
#...# #........ .#
#.# ... #........
.#####.##### #g#
####........
...........# ##@#
#...>.......
.########### #.##
####........
...........# ##.#
#........
#.########## #.##
####........
...........# ##.##
#...........
#.####..#### #...##
####........ #.#
#..#..# #PP.P#
#.†...... #.# #..#..#
#....# #.##'####
#.####..#..####..##
#.##.#


You could see Crazy Yiuf (poisoned).

Vanquished Creatures
  Ijyb (D:3)
  2 adders (D:3)
  A worm (D:3)
  4 dart slugs
  A bat (D:3)
  4 endoplasms
  3 giant cockroaches
  3 goblins
  5 hobgoblins
  4 jackals
  2 quokkas
  5 ball pythons
  5 frilled lizards
  5 kobolds
  10 rats
55 creatures vanquished.

Notes
Turn   | Place    | Note
-------+----------+-------------------------------------------
     0 | D:1      | SolCadguy the Naga Transmuter began the quest for the Orb.
     0 | D:1      | Reached XP level 1. HP: 18/18 MP: 3/3
   386 | D:1      | Reached XP level 2. HP: 25/25 MP: 3/5
   608 | D:1      | Found a faded altar of an unknown god.
  1325 | D:2      | Reached XP level 3. HP: 20/31 MP: 3/6
  1504 | D:1      | Learned a level 2 spell: Wereblood
  1508 | D:1      | Learned a level 3 spell: Spider Form
  2430 | D:3      | Reached XP level 4. HP: 38/38 MP: 5/7
  3031 | D:3      | Found a runed translucent door.
  3032 | D:3      | Noticed Crazy Yiuf
  3613 | D:3      | Noticed Ijyb
  3632 | D:3      | Killed Ijyb
  3633 | D:3      | Reached skill level 4 in Unarmed Combat
  3934 | D:3      | Mangled by Crazy Yiuf

Illustrated notes

Levels and vault maps discovered:
D:1:      lemuel_arrival_behind_the_door_large, layout_loops_cross,
          shapermc_ecumenical_altar_mp_ritualfount, minmay_misc_feat_cross,
          hex_medium, grunt_decor_mini_mirrors, minmay_misc_feat_enclosed,
          kennysheep_nondescript
D:2:      layout_rooms, kennysheep_generic_room_3
D:3:      layout_basic, kennysheep_decorative_pillar, uniq_crazy_yiuf_cottage,
          uniq_ijyb

Skill      XL: |  1  2  3  4 |
---------------+-------------+-----
Transmutations | 3 |  3.7
Unarmed Combat | 4 |  4.3
Fighting       | |  1.0
Dodging        | |  1.5
Spellcasting   | |  2.0

Action                   |  1- 3 |  4- 6 || total
-------------------------+-------+-------++-------
Melee: Unarmed           |    64 |    53 ||   117
       Headbutt          |    10 |     2 ||    12
       Punch             |       |     1 ||     1
 Fire: Sling             |     5 |       ||     5
 Cast: Beastly Appendage |    19 |     8 ||    27
       Wereblood         |     5 |     2 ||     7
 Abil: Spit Poison       |    27 |    10 ||    37
  Use: Scroll            |     2 |       ||     2
       Potion            |       |     1 ||     1
Armor: Robe              |    16 |     9 ||    25
       Skin              |       |     1 ||     1
Dodge: Dodged            |    21 |    25 ||    46

Table legend: (Time is in decaauts)
 A = Elapsed time spent in this place.
 B = Non-inter-level travel time spent in this place.
 C = Inter-level travel time spent in this place.
 D = Time resting spent in this place.
 E = Time spent auto-exploring this place.
 F = Levels seen in this place.
 G = Mean time per level.
                   A        B        C        D        E       F      G
               +--------+--------+--------+--------+--------+-----+--------+
         Total |   4683 |   4510 |    173 |   1368 |   2661 |   3 | 1561.0 |
       Dungeon |   4683 |   4510 |    173 |   1368 |   2661 |   3 | 1561.0 |
               +--------+--------+--------+--------+--------+-----+--------+

Top non-repeatable levels by time:
     D:3: 2018 daAuts
     D:1: 1710 daAuts
     D:2: 955 daAuts
